 Dungeon Crawl Stone Soup version 0.23-a0-619-g281719c6f9 (webtiles) character file.

129 Bapho the Slasher (level 5, -3/42 HPs)
             Began as a Human Monk on Dec 22, 2018.
             Slain by Sigmund
             ... wielding a +0 scythe
              (7 damage)
             ... on level 2 of the Dungeon.
             The game lasted 00:04:05 (2331 turns).

Bapho the Slasher (Human Monk)                      Turns: 2331, Time: 00:04:06

Health: -3/42      AC: 13    Str: 11    XL:     5   Next: 35%
Magic:  5/5        EV:  2    Int: 10    God:
Gold:   114        SH:  0    Dex: 17    Spells: 4/4 levels left

rFire    . . .     SeeInvis .   a - +0 falchion
rCold    . . .     Gourm    .   (no shield)
rNeg     . . .     Faith    .   m - +0 plate armour
rPois    .         Spirit   .   n - +2 helmet
rElec    .         Reflect  .   (no cloak)
rCorr    .         Harm     .   (no gloves)
MR       .....                  (no boots)
Stlth    ..........             (no amulet)
HPRegen  0.14/turn              (no ring)
MPRegen  0.09/turn              (no ring)

@: flying
A: no striking features
a: no special abilities


You were on level 2 of the Dungeon.
You were not hungry.

You visited 1 branch of the dungeon, and saw 2 of its levels.

You collected 114 gold pieces.

Inventory:

Hand Weapons
 a - a +0 falchion (weapon)
Missiles
 d - 93 stones (quivered)
Armour
 b - a +0 robe
 j - a +0 scale mail
 m - a +0 plate armour (worn)
 n - a +2 helmet (worn)
Jewellery
 h - an uncursed ring of positive energy {unknown}
Scrolls
 e - a scroll of fear {unknown}
 g - 2 scrolls of teleportation {unknown}
 i - 5 scrolls of identify {unknown}
 o - 3 scrolls of remove curse {unknown}
Potions
 l - a potion of heal wounds
Comestibles
 c - 6 rations


   Skills:
 + Level 4.0 Fighting
 * Level 4.9 Long Blades
 - Level 3.0 Dodging
 - Level 2.0 Stealth


You had 4 spell levels left.
You didn't know any spells.
Your spell library was empty.

Dungeon Overview and Level Annotations

Branches:
Dungeon (2/15)

Altars:
Trog

Annotations:
D:2 Sigmund


Message History

You bump into the rock wall.
Something hits you but does no damage.
You bump into the rock wall.
You bump into the rock wall.
Something hits you but does no damage.
You bump into the rock wall.
Something hits you but does no damage.
You feel less confused.
You see here a scroll labeled NINUOM HUERUMU.
You hit something. Something hits you.
Your plate armour prevents you from hitting something.
You hear some strange, mumbled words.
A magic dart appears from out of thin air!
The magic dart hits you!
* * * LOW HITPOINT WARNING * * *
Your plate armour prevents you from hitting something.
You hear some strange, mumbled words.
A puff of flame appears from out of thin air!
The puff of flame hits you!
* * * LOW HITPOINT WARNING * * *
Your plate armour prevents you from hitting something.
Something hits you!
You die...

....# ###########
#.# ..........#
#.# ...######.#
#(# ...# #.# #.#
...# #.# #.# ...#
#.######.# ...#
#......#{# ...#
######.#@#
...###########.#.#
...............#.#
################.#
# #############.#
# #........(....#
####.#############
.......# .......#


There were no monsters in sight!

Vanquished Creatures
  Jessica (D:2)
  Robin (D:2)
  An adder (D:2)
  2 oozes
  A dart slug (D:2)
  5 leopard geckos
  An orc (D:2)
  A ball python (D:1)
  6 bats
  4 giant cockroaches (D:1)
  13 goblins
  9 hobgoblins
  A quokka (D:2)
  3 frilled lizards
  5 kobolds
  8 rats
62 creatures vanquished.

Notes
Turn   | Place    | Note
-------+----------+-------------------------------------------
     0 | D:1      | Bapho the Human Monk began the quest for the Orb.
     0 | D:1      | Reached XP level 1. HP: 18/18 MP: 1/1
   206 | D:1      | Reached XP level 2. HP: 24/24 MP: 2/2
   598 | D:1      | Reached XP level 3. HP: 29/29 MP: 3/3
  1438 | D:2      | Reached XP level 4. HP: 30/35 MP: 4/4
  1524 | D:2      | Noticed Robin
  1556 | D:2      | Killed Robin
  1665 | D:2      | Found a bloodstained altar of Trog.
  1753 | D:2      | Reached XP level 5. HP: 40/42 MP: 5/5
  1806 | D:2      | Noticed Jessica
  1817 | D:2      | Killed Jessica
  2297 | D:2      | Noticed Sigmund
  2331 | D:2      | Slain by Sigmund

Vault maps used:
D:1:      dpeg_arrival_simpleton_a, dk_noncrumbling_2, minmay_hexomino_c4
D:2:      first_ration, trog_butcher_becter, uniq_jessica, uniq_sigmund,
          uniq_robin

Skill      XL: |  1  2  3  4  5 |
---------------+----------------+-----
Long Blades    | 4 |  4.9
Fighting       | 4 |  4.0
Dodging        | |  3.0
Stealth        | |  2.0

Action                   |  1- 3 |  4- 6 || total
-------------------------+-------+-------++-------
Melee: Falchion          |   128 |   130 ||   258
Throw: Stone             |    77 |    41 ||   118
  Use: Potion            |       |     3 ||     3
  Eat: Chunk             |     2 |     3 ||     5
Armor: Robe              |    11 |       ||    11
       Scale mail        |    38 |       ||    38
       Plate armour      |       |   123 ||   123
Dodge: Dodged            |    76 |     6 ||    82
       Rpst.: Falchion   |    23 |     3 ||    26

Table legend:
 A = Non-vault XP
 B = Vault XP
 C = Vault XP percentage of total XP
 D = Non-vault monster count
 E = Vault monster count
 F = Vault count percentage of total count
                 A         B        C        D         E       F
            +---------+---------+-------+---------+---------+-------
      Total |      94 |      91 |  49.2 |      40 |      22 |  35.5
            +---------+---------+-------+---------+---------+-------
        D:1 |      48 |       9 |  15.8 |      23 |       6 |  20.7
        D:2 |      46 |      82 |  64.1 |      17 |      16 |  48.5
            +---------+---------+-------+---------+---------+-------
